 Dungeon Crawl Stone Soup version 0.29.1-12-g30fa7ad0bf (webtiles) character file.

Game seed: 17489194320568829279

202 112233 the Ducker (level 5, 0/22 HPs)
             Began as a Felid Earth Elementalist on Dec 27, 2022.
             Slain by an adder (1 damage)
             ... on level 4 of the Dungeon.
             The game lasted 00:06:34 (5063 turns).

112233 the Ducker (Felid Earth Elementalist)        Turns: 5063, Time: 00:06:35

Health: 0/22       AC:  2    Str:  4    XL:     5   Next: 50%
Magic:  12/12      EV: 20    Int: 18    God:
Gold:   207        SH:  0    Dex: 17    Spells: 5/12 levels left
                                        Lives:  0   Deaths: 2

rFire   . . .      SeeInvis +   (weapon unavailable)
rCold   + + .      Faith    .   (shield unavailable)
rNeg    . . .      Spirit   .   (body armour unavailable)
rPois   .          Reflect  .   (helmet unavailable)
rElec   .          Harm     .   (cloak unavailable)
rCorr   .          Rampage  .   (gloves unavailable)
Will    .....                   (boots unavailable)
Stlth   +++.......              (no amulet)
HPRegen 0.07/turn               d - ring of protection from cold
MPRegen 0.13/turn               c - ring of protection from cold

@: lethally poisoned (0 -> -3), quick
A: very small, claws 1, fangs 3, see invisible, speed 1, shaggy fur 2, stealthy
paws, no weapons or thrown items, no armour, multi-lived
a: no special abilities


You were on level 4 of the Dungeon.
You visited 1 branch of the dungeon, and saw 4 of its levels.
You also visited: Sewer.

You collected 207 gold pieces.

Inventory:

Jewellery
 c - a ring of protection from cold (right paw)
 d - a ring of protection from cold (left paw)
Wands
 k - a wand of mindburst (20)
Scrolls
 e - a scroll of blinking {unknown}
 f - 3 scrolls of identify
 h - a scroll of noise
 i - a scroll of poison
 j - a scroll of amnesia
Potions
 a - a potion of magic
 b - a potion of heal wounds
 g - a potion of curing {unknown}


   Skills:
 + Level 1.0 Fighting
 + Level 6.2 Dodging
 - Level 3.3 Stealth
 + Level 4.3 Spellcasting
 - Level 1.7 Transmutations
 * Level 5.0 Earth Magic


You had 5 spell levels left.
You knew the following spells:

 Your Spells              Type           Power      Damage    Failure   Level
a - Sandblast             Erth           42%        2d11      1%          1
b - Passwall              Tmut/Erth      13%        N/A       5%          2
c - Stone Arrow           Conj/Erth      24%        3d8       16%         3
d - Apportation           Tloc           6%         N/A       14%         1

Your spell library contained the following spells:

 Spells                   Type           Power      Damage    Failure   Level
 Necrotise                Necr           12%        1d4       14%         1
 Summon Small Mammal      Summ           12%        N/A       14%         1
 Petrify                  Tmut/Erth      16%        N/A       34%         4
 Dazzling Flash           Conj/Hex       6%         N/A       38%         3
 Olgreb's Toxic Radiance  Pois           3%         N/A       80%         4
 Agony                    Necr           3%         N/A       98%         5
 Silence                  Hex/Air        1%         N/A       98%         5
 Ozocubu's Refrigeration  Ice            1%         4d7       100%        7
 Ignition                 Fire           1%         3d3       100%        8


Dungeon Overview and Level Annotations

Branches:
Dungeon (4/15)              Sewer (visited)
 Temple: D:4-7

Altars:
Elyvilon
Makhleb

Annotations:
D:1 exclusion: downstairs


Innate Abilities, Weirdness & Mutations

You have sharp claws.
You have razor-sharp teeth.
You have supernaturally acute eyesight. (SInv)
You cover ground quickly. (Speed+)
You are covered in thick fur. (AC +2)
Your paws help you pounce on unaware monsters.
You are incapable of wielding weapons or throwing items.
You cannot wear armour.
You gain extra lives every three experience levels.


Message History

The adder completely misses you.
You scratch the adder.
The adder is moderately wounded.
The adder misses you.
You scratch the adder but do no damage.
The adder is moderately wounded.
The adder closely misses you.
You miss the adder.
The adder is moderately wounded.
The adder bites you. x2
You are poisoned.
The adder poisons you!
You scratch the adder.
The adder is moderately wounded.
You feel sick. The adder bites you.
You scratch the adder. Your claw misses the adder.
The adder is heavily wounded.
You feel sick. The adder misses you.
You scratch the adder.
The adder is severely wounded.
You feel sick. The adder barely misses you.
You miss the adder. Your bite misses the adder.
The adder is severely wounded.
You feel sick. The adder bites you but does no damage.
The adder closely misses you.
You closely miss the adder. Your bite misses the adder.
The adder is severely wounded.
You feel sick.
You are no longer poisoned.
The adder barely misses you.
You closely miss the adder.
The adder is severely wounded.
The adder closely misses you.
You miss the adder. Your bite misses the adder.
The adder is severely wounded.
The adder bites you.
* * * LOW HITPOINT WARNING * * *
You are lethally poisoned!
The adder poisons you! The adder bites you.
You die...

......#####....###
#......... #..####
##.....### #.........
####
#..#....#####.........
#..####....##.........
#..# ####........(...
#..# ###..........
#..# ########........
#######........##.....
#...S@'.#..#.######...
#.#.#.#..##..# ####
..#..#..##..#.## #
#.#.#.#.#..#.#...## #
#.....#......#.....# #
###+
##########......## #.#
.J# ..#.......# ##.#
##. ..#.......# #..# #
#+##......#.


You could see an adder.

Vanquished Creatures
  Sigmund (D:2)
  An ogre (D:4)
  A scorpion (D:4)
  A hound (D:4)
  A jelly (D:4)
  An iguana (D:4)
  An orc wizard (D:3)
  Robin (D:1)
  8 adders
  6 river rats
  A white imp (D:4)
  A worm (Sewer)
  4 dart slugs
  2 orcs (D:3)
  11 bats
  12 endoplasms
  6 giant cockroaches
  13 goblins
  9 hobgoblins
  7 kobolds
  7 quokkas
  8 ball pythons
  2 frilled lizards
  2 rats
107 creatures vanquished.

Notes
Turn   | Place    | Note
-------+----------+-------------------------------------------
     0 | D:1      | 112233 the Felid Earth Elementalist began the quest for the
                  | Orb.
     0 | D:1      | Reached XP level 1. HP: 7/7 MP: 4/4
   140 | D:2      | Noticed Robin
   142 | D:2      | Reached XP level 2. HP: 10/11 MP: 4/6
   472 | D:1      | Reached skill level 3 in Dodging
   762 | D:1      | Found a faded altar of an unknown god.
  1073 | D:1      | Reached XP level 3. HP: 14/14 MP: 3/7
  1513 | D:1      | Killed Robin
  2009 | D:2      | Reached XP level 4. HP: 18/18 MP: 6/8
  2012 | D:2      | Learned a level 2 spell: Passwall
  2016 | D:2      | Learned a level 3 spell: Stone Arrow
  2018 | D:2      | Learned a level 1 spell: Apportation
  2067 | D:2      | You fall into a shaft and drop 1 floor!
  2541 | D:3      | Reached skill level 4 in Dodging
  3223 | D:2      | Noticed Sigmund
  3242 | D:2      | Killed Sigmund
  3243 | D:2      | Reached skill level 5 in Dodging
  3243 | D:2      | Reached XP level 5. HP: 21/21 MP: 7/11
  3243 | D:2      | Gained mutation: You are covered in thick fur. (AC +2)
                  | [Felid growth]
  3243 | D:2      | Reached XP level 6. HP: 24/24 MP: 7/12
  3824 | D:4      | Found a white marble altar of Elyvilon.
  4193 | D:4      | Found a glowing drain.
  4235 | Sewer    | Entered a sewer
  4509 | Sewer    | Reached XP level 7. HP: 27/27 MP: 11/14
  4672 | Sewer    | Reached skill level 6 in Dodging
  4682 | Sewer    | Slain by a river rat
  4683 | Sewer    | Reached XP level 6. HP: -1/25 MP: 3/13
  4704 | D:4      | Reached skill level 1 in Fighting
  4704 | D:4      | Reached skill level 5 in Earth Magic
  4744 | D:4      | Found a burning altar of Makhleb.
  4744 | D:4      | Noticed a cacodemon
  4747 | D:4      | Noticed an orange demon
  4747 | D:4      | Noticed a smoke demon
  4789 | D:4      | Noticed a wyvern
  4837 | D:4      | Slain by a necrophage
  4838 | D:4      | Reached XP level 5. HP: -1/18 MP: 12/12
  5063 | D:4      | HP: 1/22 [adder (4)]
  5063 | D:4      | Slain by an adder

Illustrated notes

Levels and vault maps discovered:
D:1:      minmay_arrival_four_loops, layout_loops_ring,
          shapermc_ecumenical_altar_venn
D:2:      layout_rooms, kennysheep_generic_room_4, uniq_sigmund, uniq_robin
D:3:      kennysheep_big_flooded_room, layout_basic
D:4:      minmay_clustersquares, layout_cave_pods, makhleb_altar_promises_db,
          nicolae_elyvilon_peaceful_grove, portal_sewer_entry_b

Skill      XL: |  1  2  3  4  5  6  7 |
---------------+----------------------+-----
Stealth        | 3 |  3.3
Dodging        | 3 5 6 |  6.2
Earth Magic    | 3 4 5 |  5.0
Spellcasting   | 3 4 |  4.3
Fighting       | 1 |  1.0
Transmutations | |  1.7

Action                   |  1- 3 |  4- 6 |  7- 9 || total
-------------------------+-------+-------+-------++-------
Melee: Unarmed           |    11 |    45 |       ||    56
       Bite              |       |     6 |       ||     6
       Punch             |       |     2 |       ||     2
 Cast: Sandblast         |    61 |    98 |    27 ||   186
Evoke: Wand              |       |       |     2 ||     2
  Use: Potion            |     1 |     2 |     2 ||     5
       Scroll            |       |       |     5 ||     5
 Stab: Sleeping          |       |     2 |       ||     2
Armor: Skin              |     2 |    13 |     8 ||    23
Dodge: Dodged            |    44 |    86 |   103 ||   233
